 Dungeon Crawl Stone Soup version 0.20.0-8-g6b59dc7 (webtiles) character file.

8244 mike2R the Destroyer (level 11, 0/64 HPs)
             Began as a Deep Elf Air Elementalist on May 28, 2017.
             Was a Believer of Sif Muna.
             Slain by a two-headed ogre
             ... wielding a +0 giant club
              (9 damage)
             ... on level 10 of the Dungeon on May 30, 2017.
             The game lasted 01:40:06 (15380 turns).

mike2R the Destroyer (Deep Elf Air Elementalist)   Turns: 15380, Time: 01:40:06

Health: 0/64       AC:  8    Str:  5    XL:     11   Next: 7%
Magic:  0/20       EV: 14    Int: 24    God:    Sif Muna [**....]
Gold:   182        SH:  0    Dex: 15    Spells: 1/19 levels left

rFire    + . .     SeeInvis .   h - +5 short sword (freeze)
rCold    . . .     Gourm    .   (no shield)
rNeg     . . .     Faith    .   W - +1 ring mail of Osihiywe {rElec MR+}
rPois    .         Spirit   +   (no helmet)
rElec    +         Reflect  .   R - scarf {Spirit}
rCorr    .         Harm     .   y - +0 pair of gloves
MR       ++...                  (no boots)
Stlth    +.........             (no amulet)
Regen    0.2/turn               p - ring of protection from fire
MPRegen  0.2/turn               t - +4 ring of evasion

@: very slightly contaminated, divine energy
A: no striking features
a: Stop Divine Energy, Renounce Religion


You were on level 10 of the Dungeon.
You worshipped Sif Muna.
Sif Muna was pleased with you.
You were near starving.

You visited 2 branches of the dungeon, and saw 11 of its levels.

You collected 425 gold pieces.
You spent 243 gold pieces at shops.

Inventory:

Hand Weapons
 h - a +5 short sword of freezing (weapon)
Missiles
 i - 67 stones (quivered)
Armour
 a - a +1 robe
 j - a +0 buckler
 x - the +2 chain mail "Put-Me-On" {rC+ SInv, unknown}
   (You found it on level 9 of the Dungeon)

   It protects you from cold.
   It lets you see invisible.
 y - a +0 pair of gloves (worn)
 R - a scarf of spirit shield (worn)
 W - the +1 ring mail of Osihiywe (worn) {rElec MR+}
   (You bought it in a shop on level 8 of the Dungeon)

   It insulates you from electricity.
   It affects your resistance to hostile enchantments.
 X - a +0 robe of the Archmagi
Jewellery
 p - a ring of protection from fire (left hand)
 r - an uncursed amulet of guardian spirit
 s - an uncursed ring of protection from cold
 t - a +4 ring of evasion (right hand)
 I - an uncursed ring of wizardry
 P - an uncursed ring of wizardry
Wands
 o - a wand of enslavement (5/24)
 A - a wand of lightning (1/15)
 F - a wand of random effects (35/48)
 G - a wand of confusion (14/48)
 H - a wand of scattershot (4/9)
 M - a wand of acid (11/15)
 N - a wand of iceblast (8/15)
 Q - a wand of confusion (29/48)
 S - a wand of iceblast (3/15)
 Y - a wand of random effects (21/48)
Scrolls
 l - 2 scrolls of silence {unknown}
 m - a scroll of magic mapping
 q - 3 scrolls of recharging
 u - a scroll of immolation
 z - a scroll of amnesia
 B - a scroll of blinking {unknown}
 C - 2 scrolls of fog
 D - a scroll of identify
Potions
 d - a potion of lignification
 e - 3 potions of mutation
 f - 2 potions of degeneration {unknown}
 k - 2 potions of haste
 n - a potion of berserk rage
 v - a potion of invisibility
 w - 2 potions of ambrosia
 E - a potion of heal wounds {unknown}
 J - 3 potions of brilliance
 K - 2 potions of might
 T - a potion of agility {unknown}
Books
 b - a book of Air

   Spells                             Type                      Level
   a - Shock                          Conjuration/Air              1
   b - Swiftness                      Charms/Air                   2
   c - Static Discharge               Conjuration/Air              3
   d - Airstrike                      Air                          4
   e - Lightning Bolt                 Conjuration/Air              5
 L - a book of Air

   Spells                             Type                      Level
   a - Shock                          Conjuration/Air              1
   b - Swiftness                      Charms/Air                   2
   c - Static Discharge               Conjuration/Air              3
   d - Airstrike                      Air                          4
   e - Lightning Bolt                 Conjuration/Air              5
 V - a book of Minor Magic

   Spells                             Type                      Level
   a - Magic Dart                     Conjuration                  1
   b - Blink                          Translocation                2
   c - Call Imp                       Summoning                    2
   d - Slow                           Hexes                        2
   e - Conjure Flame                  Conjuration/Fire             3
   f - Mephitic Cloud                 Conjuration/Poison/Air       3
Comestibles
 c - 11 bread rations
 g - 7 meat rations
 U - 2 fruits
 Z - a royal jelly


   Skills:
 - Level 6.2 Fighting
 - Level 4.1 Armour
 - Level 2.4 Dodging
 - Level 2.4 Stealth
 + Level 1.4 Shields
 - Level 4.8 Spellcasting
 - Level 9.9 Conjurations
 - Level 9.8 Air Magic
 - Level 5.9 Evocations


You had one spell level left.
You knew the following spells:

 Your Spells              Type           Power        Failure   Level  Hunger
a - Shock                 Conj/Air       ####         1%          1    None
b - Swiftness             Chrm/Air       ####....     8%          2    None
c - Static Discharge      Conj/Air       ######..     1%          3    ##.....
d - Airstrike             Air            ######....   6%          4    ####...
e - Lightning Bolt        Conj/Air       ######....   19%         5    #####..
f - Mephitic Cloud        Conj/Pois/Air  #####...     8%          3    ##.....


Dungeon Overview and Level Annotations

Branches:
Dungeon (10/15)            Temple (1/1) D:7             Orc (0/2) D:9
   Lair: D:8-11

Altars:
Ashenzari
Cheibriados
Dithmenos
Elyvilon
Fedhas
Gozag
Hepliaklqana
Kikubaaqudgha
Makhleb
Nemelex Xobeh
Okawaru
Qazlal
Ru
Sif Muna
Trog
Uskayaw
Vehumet
Xom
Yredelemnul
Zin
The Shining One

Shops:
D:8 *

Annotations:
D:4 Edmund
D:7 smedtjen's ghost, novice DsAK


Message History

The two-headed ogre is severely wounded.
You are near starving!
Sif Muna grants you divine energy.
You briefly lose access to your magic!
The two-headed ogre closely misses you.
The two-headed ogre hits you with a giant spiked club!!
You hit the two-headed ogre. You freeze the two-headed ogre.
The two-headed ogre is almost dead.
The two-headed ogre barely misses you.
The two-headed ogre completely misses you.
You hit the two-headed ogre. You freeze the two-headed ogre.
The two-headed ogre is almost dead.
You regain access to your magic.
The two-headed ogre closely misses you.
The two-headed ogre hits you with a giant spiked club!
You hit the two-headed ogre. You freeze the two-headed ogre.
The two-headed ogre is almost dead.
The two-headed ogre hits you with a giant club!!
* * * LOW HITPOINT WARNING * * *
The two-headed ogre hits you with a giant spiked club!
You die...

###.......###.###.......#
#.......# #..##.......#
#####.### ##..#.......#
#.[# ##.........# ##)##
###...>...# #..#
#####..## ##.####
####....## #.....#
###.......# #.....#
##.'O@.....# #.....#
#..#.......#
###.....###.##.......#
##.......#...##.......#
#..#.....#.####.......#
..##.......# #.......#
.###.....### ######### ##
#.....# #######


You could see a two-headed ogre.

Vanquished Creatures
  2 two-headed ogres (D:8)
  An ugly thing (D:10)
  Grinder (D:4)
  2 hippogriffs (D:8)
  4 yaks (D:10)
  2 water moccasins
  3 sky beasts
  2 eyes of draining
  6 orc warriors
  A black bear (D:8)
  A hornet zombie (D:10)
  3 phantoms
  2 necrophages
  8 ogres
  6 centaurs
  A big kobold (D:9)
  5 bullfrogs
  3 scorpions
  3 killer bees (D:8)
  A wight (D:6)
  A howler monkey (D:6)
  3 electric eels (D:9)
  8 crimson imps
  2 bullfrog zombies
  A jelly (D:6)
  2 quasits
  3 hounds
  A centaur zombie (D:9)
  10 orc wizards
  A bullfrog skeleton (D:5)
  A gnoll shaman (D:5)
  6 orc priests
  2 iguanas
  Natasha (D:2)
  6 worker ants
  2 hound skeletons
  13 adders
  9 gnolls
  3 shadow imps
  2 adder zombies
  3 adder skeletons
  A worm (D:2)
  2 dart slugs
  6 leopard geckos
  38 orcs
  A ball python (D:3)
  11 bats
  3 giant cockroaches
  7 goblins
  6 hobgoblins
  7 jackals
  7 quokkas
  5 frilled lizards
  A jackal skeleton (D:8)
  13 kobolds
  3 leopard gecko skeletons
  8 rats
256 creatures vanquished.

Vanquished Creatures (others)
  5 plants (D:8)
5 creatures vanquished.

Grand Total: 261 creatures vanquished

Notes
Turn   | Place    | Note
-------+----------+-------------------------------------------
     0 | D:1      | mike2R the Deep Elf Air Elementalist began the quest for the Orb.
     0 | D:1      | Reached XP level 1. HP: 10/10 MP: 6/6
    66 | D:1      | Reached XP level 2. HP: 15/15 MP: 2/8
   750 | D:1      | Upgraded the game from 0.20.0-6-gd3061e9 to 0.20.0-7-g3b7b877
   820 | D:2      | Reached XP level 3. HP: 19/19 MP: 5/9
   824 | D:2      | Learned a level 2 spell: Swiftness
   828 | D:2      | Learned a level 3 spell: Static Discharge
  1392 | D:2      | Reached XP level 4. HP: 16/24 MP: 2/10
  1471 | D:2      | Noticed Natasha
  1505 | D:2      | Killed Natasha
  2197 | D:3      | Reached XP level 5. HP: 28/28 MP: 7/11
  2200 | D:3      | Reached skill level 5 in Air Magic
  2494 | D:2      | Learned a level 4 spell: Airstrike
  2885 | D:3      | Found a faded altar of an unknown god.
  3259 | D:4      | Noticed Grinder
  3590 | D:4      | Paralysed by Grinder for 2 turns
  3609 | D:4      | Killed Grinder
  3609 | D:4      | Reached XP level 6. HP: 32/32 MP: 0/14
  3814 | D:4      | Reached XP level 7. HP: 33/36 MP: 2/15
  4003 | D:4      | Found a snail-covered altar of Cheibriados.
  4231 | D:4      | Noticed Edmund
  4381 | D:4      | Reached skill level 5 in Conjurations
  4468 | D:4      | Learned a level 5 spell: Lightning Bolt
  5575 | D:5      | Entered Level 5 of the Dungeon
  5783 | D:5      | Reached XP level 8. HP: 27/41 MP: 8/17
  6750 | D:5      | Reached skill level 1 in Fighting
  8063 | D:6      | Reached XP level 9. HP: 10/52 MP: 4/18
  8315 | D:7      | Got a jewelled plate armour
  8331 | D:7      | Identified the cursed +0 plate armour of the Desolation of Salt {*Contam rC++ Int+8} (You found it on level 7 of the Dungeon)
  8742 | D:7      | Noticed smedtjen's ghost (novice DsAK)
  9158 | D:7      | Found a staircase to the Ecumenical Temple.
  9164 | Temple   | Entered the Ecumenical Temple
  9172 | Temple   | Became a worshipper of Sif Muna the Loreminder
  9468 | D:7      | Reached skill level 5 in Fighting
 11305 | D:8      | Noticed a two-headed ogre
 11425 | D:8      | Reached * piety under Sif Muna
 11565 | D:8      | Killed a two-headed ogre
 11565 | D:8      | Reached XP level 10. HP: 60/60 MP: 5/19
 11680 | D:8      | Noticed a two-headed ogre
 11699 | D:8      | Killed a two-headed ogre
 11796 | D:8      | Reached ** piety under Sif Muna
 12026 | D:8      | Learned a level 3 spell: Mephitic Cloud
 12037 | D:8      | Found Likaot's Assorted Antiques.
 12053 | D:8      | Bought a twisted ring mail for 243 gold pieces
 12063 | D:8      | Identified the cursed +1 ring mail of Osihiywe {rElec MR+} (You bought it in a shop on level 8 of the Dungeon)
 12243 | D:8      | Reached skill level 1 in Armour
 13307 | D:9      | Found a staircase to the Orcish Mines.
 13357 | D:9      | Got an ichor-stained chain mail
 13602 | D:10     | Entered Level 10 of the Dungeon
 13629 | D:10     | Reached skill level 1 in Evocations
 14140 | D:10     | Noticed a two-headed ogre
 14172 | D:9      | Reached skill level 5 in Evocations
 14287 | D:10     | Upgraded the game from 0.20.0-7-g3b7b877 to 0.20.0-8-g6b59dc7
 14302 | D:10     | Noticed a red ugly thing
 14341 | D:10     | Killed a brown ugly thing
 14341 | D:10     | Reached XP level 11. HP: 50/64 MP: 0/20
 14350 | D:10     | Noticed a tengu warrior
 15170 | D:10     | Reached skill level 1 in Shields
 15380 | D:10     | Slain by a two-headed ogre

Skill      XL: |  1  2  3  4  5  6  7  8  9 10 11 |
---------------+----------------------------------+-----
Air Magic      | 4 6 7 8 9 |  9.8
Conjurations   | 2 3 4 6 7 9 |  9.9
Spellcasting   | 4 |  4.8
Fighting       | 4 6 |  6.2
Armour         | 4 |  4.1
Evocations     | 5 |  5.9
Shields        | 1 |  1.4
Dodging        | |  2.4
Stealth        | |  2.4

Action                   |  1- 3 |  4- 6 |  7- 9 | 10-12 || total
-------------------------+-------+-------+-------+-------++-------
Melee: Halberd           |     7 |       |       |       ||     7
       Club              |     2 |       |       |       ||     2
       Short sword       |       |    45 |   112 |   161 ||   318
Throw: Stone             |       |       |     1 |       ||     1
 Cast: Shock             |    64 |    95 |   168 |    85 ||   412
       Static Discharge  |       |     4 |     3 |     5 ||    12
       Swiftness         |       |     3 |     4 |     2 ||     9
       Airstrike         |       |    14 |    57 |    43 ||   114
       Lightning Bolt    |       |       |    19 |    20 ||    39
       Mephitic Cloud    |       |       |       |     4 ||     4
Invok: Divine Energy     |       |       |       |     4 ||     4
       Stop Divine Energ |       |       |       |     3 ||     3
Evoke: Wand              |       |       |     1 |       ||     1
  Use: Potion            |     1 |     3 |     2 |       ||     6
       Scroll            |     4 |     5 |    13 |     4 ||    26
 Stab: Sleeping          |       |       |     3 |       ||     3
       Confused          |       |       |     3 |     2 ||     5
  Eat: Chunk             |     1 |     8 |    30 |    23 ||    62
       Bread ration      |       |     1 |       |       ||     1
       Royal jelly       |       |       |     3 |     1 ||     4
Armor: Robe              |     3 |    10 |    13 |    12 ||    38
       Skin              |       |    21 |       |       ||    21
       Ring mail         |       |       |       |    56 ||    56
Dodge: Dodged            |     7 |    56 |   110 |   129 ||   302
